 Dungeon Crawl Stone Soup version 0.18-b1-14-g029dad2 (webtiles) character file.

22 hannobal the Poker (level 2, -1/26 HPs)
             Began as a Naga Gladiator on Apr 30, 2016.
             Slain by a goblin (2 damage)
             ... led by Robin
             ... on level 1 of the Dungeon.
             The game lasted 00:03:28 (1608 turns).

hannobal the Poker (Naga Gladiator)                 Turns: 1608, Time: 00:03:29

Health: -1/26      AC:  4    Str: 17    XL:     2   Next: 91%
Magic:  2/2        EV: 10    Int:  8    God:
Gold:   19         SH:  0    Dex: 11    Spells: 0 memorised, 1 level left

rFire  . . .     SeeInvis +     a - +1 trident
rCold  . . .     Gourm    .     b - +0 leather armour
rNeg   . . .     Faith    .     (no shield)
rPois  +         Spirit   .     c - +0 helmet
rElec  .         Dismiss  .     j - +0 cloak
rCorr  .         Reflect  .     (no gloves)
SustAt .         Harm     .     (no barding)
MR     .....                    (no amulet)
Stlth  +.........               (no ring)
                                (no ring)

@: very slow, not resistant to hostile enchantments, very unstealthy
A: see invisible, deformed body, poison resistance, slowness 2, slow metabolism
1, spit poison 2, AC +0
a: Spit Poison


You were on level 1 of the Dungeon.
You were not hungry.

You visited 1 branch of the dungeon, and saw 2 of its levels.

You collected 19 gold pieces.

Inventory:

Hand Weapons
 a - a +1 trident (weapon)
 e - a +0 hand axe
 k - a +0 dagger of protection
 m - a +1 dagger of venom
 p - a +0 whip
Missiles
 l - 42 arrows
Armour
 b - a +0 leather armour (worn)
 c - a +0 helmet (worn)
 j - a +0 cloak (worn)
Scrolls
 g - a scroll of enchant weapon
 h - a scroll of identify
Comestibles
 f - a bread ration
 i - a royal jelly


   Skills:
 - Level 2.0 Fighting
 + Level 3.9 Polearms
 - Level 2.0 Throwing
 - Level 2.4 Dodging


You had one spell level left.
You didn't know any spells.

Dungeon Overview and Level Annotations

Branches:
Dungeon (2/15)

Altars:

Annotations:
D:2 Robin


Innate Abilities, Weirdness & Mutations

You cannot wear boots.
Your serpentine skin is tough (AC +0).
You have supernaturally acute eyesight.
Armour fits poorly on your strangely shaped body.
Your system is resistant to poisons.
You cover ground very slowly.
You have a slow metabolism.
You can spit poison.


Message History

You hit the hobgoblin.
You kill the hobgoblin!
The goblin closely misses you. The hobgoblin hits you with a club.
* * * LOW HITPOINT WARNING * * *
Throwing (i - inventory):
d - a throwing net (quivered)
Press: ? - help, Shift-Dir - straight line, f - hobgoblin
Aim: a hobgoblin, wielding a club (unusually strong)
You throw a throwing net. The throwing net hits the hobgoblin.
The hobgoblin is caught in the net!
You have got your breath back.
The goblin hits you.
* * * LOW HITPOINT WARNING * * *
The hobgoblin struggles against the net.
Unknown command.
You hit the hobgoblin but do no damage. The goblin barely misses you.
The hobgoblin struggles to escape the net.
You completely miss the hobgoblin. The goblin hits you but does no damage.
The hobgoblin struggles against the net.
The goblin hits you.
You die...

.#...### #.##
#.#.##.# .#...#
###..#####.#.##.#
.#...#
#..........#.##.#
.#####
#.##.#######.##.#
.# #.##..# #.##.#
.# #.###.# #.##.#
## #.# #.#
##.##.####### # #.#
#)#####..##.##....#
# #.#
#.@g).....#....##.#
# #.#
##g####.#.#######.#
# #.# #.#
#.#.........# # #.#
#.# #.########### #
#.# #.# #.# # #.#
#.# #.# # #.# #.#
#.# # #.# #.# #.#
##### #.# #.# #.#


You could see a hobgoblin (caught) and a goblin.

Vanquished Creatures
  A dart slug (D:1)
  A giant cockroach (D:1)
  3 hobgoblins (D:1)
  A kobold (D:1)
  A ball python (D:1)
  A bat (D:1)
  A giant newt (D:1)
  7 goblins (D:1)
  3 rats (D:1)
19 creatures vanquished.

Notes
Turn   | Place    | Note
--------------------------------------------------------------
     0 | D:1      | hannobal the Naga Gladiator began the quest for the Orb.
     0 | D:1      | Reached XP level 1. HP: 19/19 MP: 1/1
   449 | D:1      | Reached XP level 2. HP: 17/26 MP: 2/2
  1179 | D:2      | Noticed Robin
  1606 | D:1      | HP: 1/26 [goblin[Robin] (3)]
  1608 | D:1      | Slain by a goblin

Skill      XL: |  1 |
---------------+----+-----
Throwing       | 2 |  2.0
Fighting       | |  2.0
Polearms       | |  3.9
Dodging        | |  2.4

Action                   || total
-------------------------++-------
Melee: Trident           ||    46
Throw: Throwing net      ||     9
       Stone             ||     2
 Abil: Spit Poison       ||     2
  Use: Scroll            ||     2
  Eat: Chunk             ||     1
Armor: Leather armour    ||    13
Dodge: Dodged            ||    31
